 Dungeon Crawl Stone Soup version 0.29-a0-620-g13ace881f2 (webtiles) character file.

Game seed: 45602879741100270

18 CrazyBamboolord the Skirmisher (level 2, 0/20 HPs)
             Began as a Kobold Fighter on June 18, 2022.
             Slain by an endoplasm (1 damage)
             ... on level 1 of the Dungeon.
             The game lasted 00:00:33 (745 turns).

CrazyBamboolord the Skirmisher (Kobold Fighter)      Turns: 745, Time: 00:00:34

Health: 0/20       AC:  6    Str: 13    XL:     2   Next: 90%
Magic:  2/2        EV: 10    Int:  9    God:
Gold:   68         SH:  5    Dex: 14    Spells: 1/1 levels left

rFire   . . .      SeeInvis .   a - +0 rapier
rCold   . . .      Faith    .   c - +0 buckler
rNeg    . . .      Spirit   .   b - +0 scale mail
rPois   .          Reflect  .   (no helmet)
rElec   .          Harm     .   (no cloak)
rCorr   .          Rampage  .   (no gloves)
Will    .....                   (no boots)
Stlth   +.........              (no amulet)
HPRegen 0.06/turn               (no ring)
MPRegen 0.08/turn               (no ring)

@: no status effects
A: small, no large weapons, nightstalker 3
a: no special abilities


You were on level 1 of the Dungeon.
You visited 1 branch of the dungeon, and saw 1 of its levels.

You collected 68 gold pieces.

Inventory:

Hand Weapons
 a - a +0 rapier (weapon)
Armour
 b - a +0 scale mail (worn)
 c - a +0 buckler (worn)
Scrolls
 e - 3 scrolls of identify {unknown}
Potions
 d - a potion of might
 f - a potion of mutation {unknown}
 g - a potion of ambrosia {unknown}


   Skills:
 * Level 3.8 Fighting
 * Level 3.0 Short Blades
 + Level 2.5 Armour
 * Level 1.0 Dodging
 + Level 2.5 Shields


You had one spell level left.
You didn't know any spells.
Your spell library was empty.

Dungeon Overview and Level Annotations

Branches:
Dungeon (1/15)

Altars:


Innate Abilities, Weirdness & Mutations

You are small and have problems with some larger weapons.
You are completely attuned to the shadows.


Message History

Found 15 stones.
You see here 15 stones.
You now have 68 gold pieces (gained 14).
A kobold comes into view. It is wielding a +0 short sword.
A kobold is nearby!
An endoplasm comes into view.
The endoplasm quivers.
The kobold shouts!
You hit the endoplasm.
The endoplasm is heavily wounded.
The endoplasm freezes you.
You are frozen.
The kobold hits you with a +0 short sword.
You hit the endoplasm.
The endoplasm is severely wounded.
The endoplasm hits you but does no damage.
You block the kobold's attack. x2
A kobold comes into view. It is wielding a +0 dagger.
The endoplasm hits you but does no damage.
You completely miss the endoplasm.
The endoplasm is severely wounded.
The endoplasm freezes you.
You are frozen.
The kobold hits you with a +0 short sword.
You are too injured to fight recklessly!
The endoplasm attacks as you move away! The endoplasm barely misses you.
The kobold shouts!
You hear a shout!
The endoplasm attacks as you move away!
The endoplasm hits you but does no damage.
The endoplasm attacks as you move away! The endoplasm closely misses you.
The kobold attacks as you move away!
The kobold hits you with a +0 short sword.
* * * LOW HITPOINT WARNING * * *
A frilled lizard comes into view.
The endoplasm freezes you.
You are frozen.
* * * LOW HITPOINT WARNING * * *
The endoplasm attacks as you move away! You block the endoplasm's attack.
The endoplasm attacks as you move away! The endoplasm hits you.
You die...

......# #...# ......#
#...# ......###...#
......#.....#
......#.....####
......#.....(..#######
......#...####.......###
.....)#...###...#♣#....##
......#...
#....@#......## ......#
#......J.......## .######
..#......K...#..## ##
#..........##..##
..l.............#
...≈≈≈≈≈≈.......#
≈####≈≈......# ##≈.....##
#≈....#♣


You could see an endoplasm, a kobold and a frilled lizard (wandering).

Vanquished Creatures
  2 endoplasms (D:1)
  A giant cockroach (D:1)
  A goblin (D:1)
  4 jackals (D:1)
  2 quokkas (D:1)
  2 ball pythons (D:1)
  A bat (D:1)
  2 frilled lizards (D:1)
  A kobold (D:1)
16 creatures vanquished.

Notes
Turn   | Place    | Note
-------+----------+-------------------------------------------
     0 | D:1      | CrazyBamboolord the Kobold Fighter began the quest for the
                  | Orb.
     0 | D:1      | Reached XP level 1. HP: 14/14 MP: 1/1
   486 | D:1      | Reached XP level 2. HP: 19/19 MP: 2/2
   490 | D:1      | Reached skill level 1 in Dodging
   651 | D:1      | Found a faded altar of an unknown god.
   743 | D:1      | HP: 1/20 [frozen (5)]
   745 | D:1      | Slain by an endoplasm

Illustrated notes

Levels and vault maps discovered:
D:1:      minmay_arrival_nine_rooms, layout_basic, ebering_ecumenical_altar_box,
          kennysheep_decorative_pillar

Skill      XL: |  1  2 |
---------------+-------+-----
Dodging        | 1 |  1.0
Short Blades   | 3 |  3.0
Fighting       | |  3.8
Armour         | |  2.5
Shields        | |  2.5

Action                   || total
-------------------------++-------
Melee: Rapier            ||    32
 Stab: Sleeping          ||     1
Armor: Scale mail        ||     8
Dodge: Dodged            ||    17
Block: Buckler           ||     6

Table legend: (Time is in decaauts)
 A = Elapsed time spent in this place.
 B = Non-inter-level travel time spent in this place.
 C = Inter-level travel time spent in this place.
 D = Time resting spent in this place.
 E = Time spent auto-exploring this place.
 F = Levels seen in this place.
 G = Mean time per level.
                   A        B        C        D        E       F      G
               +--------+--------+--------+--------+--------+-----+--------+
         Total |    749 |    749 |      0 |      0 |    658 |   1 |  749.0 |
       Dungeon |    749 |    749 |      0 |      0 |    658 |   1 |  749.0 |
               +--------+--------+--------+--------+--------+-----+--------+

Top non-repeatable levels by time:
     D:1: 749 daAuts
